 Dungeon Crawl Stone Soup version 0.28.0-47-ge53b351184 (webtiles) character file.

Game seed: 7103199724634606296

10139 Icepheonix32 the Archer (level 11, -4/81 HPs)
             Began as a Demonspawn Ice Elementalist on May 4, 2022.
             Was an Elder of Okawaru.
             Slain by a white ugly thing (24 damage)
             ... in an ice cave.
             The game lasted 00:22:15 (12297 turns).

Icepheonix32 the Archer (DsIE)                     Turns: 12297, Time: 00:22:16

Health: -4/81      AC: 26    Str:  9    XL:     11   Next: 32%
Magic:  11/15      EV: 17    Int: 18    God:    Okawaru [****..]
Gold:   367        SH:  0    Dex: 16    Spells: 7/16 levels left

rFire   x . .      SeeInvis +   b - +6 dagger of Buciteu {protect, rElec Stlth+}
rCold   . . .      Faith    .   (no shield)
rNeg    . . .      Spirit   .   a - +0 robe
rPois   .          Reflect  .   x - +0 helmet
rElec   +          Harm     .   B - +1 cloak
rCorr   +          Rampage  .   v - +2 pair of gloves
Will    +++..                   (no boots)
Stlth   ++++++....              (no amulet)
HPRegen 0.23/turn               c - +4 ring of slaying
MPRegen 0.14/turn               w - ring of Contentment {rF- Will+++ rCorr SInv}

@: ice-armoured, heroic, under a protective aura
A: molten scales 2, foul stench 2, demonic magic 1
a: Renounce Religion, Heroism, Finesse


You were in an ice cave.
You worshipped Okawaru.
Okawaru was greatly pleased with you.
You visited 2 branches of the dungeon, and saw 12 of its levels.
You also visited: Ice Cave.

You collected 516 gold pieces.
You spent 149 gold pieces at shops.

Inventory:

Hand Weapons
 b - the +6 dagger of Buciteu (weapon) {protect, rElec Stlth+}
   (You took it off a gnoll on level 8 of the Dungeon)

   It grants its wielder temporary protection when it strikes (+7 to AC).
   rElec:     It insulates you from electricity.
   Stlth:     It makes you more stealthy.
 h - a +3 vampiric short sword
 k - a +2 short sword of holy wrath
 r - the +7 shortbow "Killer Bee's Bane" {vorpal, rElec rC+ Will+ Int-4}
   (You found it on level 3 of the Dungeon)

   Any ammunition fired from it inflicts extra damage upon your enemies.
   Int:       It affects your intelligence (-4).
   rC:        It protects you from cold.
   rElec:     It insulates you from electricity.
   Will:      It increases your willpower.
Missiles
 e - 70 arrows
 f - 10 poisoned darts
 y - 3 throwing nets
Armour
 a - a +0 robe (worn)
 v - a +2 pair of gloves (worn)
 x - a +0 helmet (worn)
 B - a +1 cloak (worn)
 J - +0 acid dragon scales
Jewellery
 c - a +4 ring of slaying (left hand)
 j - a ring of protection from fire
 n - a ring of poison resistance
 w - the ring of Contentment (right hand) {rF- Will+++ rCorr SInv}
   (You acquired it on level 7 of the Dungeon)

   [ring of see invisible]

   rF:        It makes you vulnerable to fire.
   SInv:      It lets you see invisible.
   rCorr:     It protects you from acid and corrosion.
   Will:      It greatly increases your willpower.
 z - a ring of flight
 F - a +6 ring of intelligence
 G - a +4 ring of evasion
Wands
 p - a wand of flame (42)
 C - a wand of iceblast (10)
 H - a wand of polymorph (9)
Scrolls
 g - a scroll of teleportation
 o - 5 scrolls of fear
 s - 4 scrolls of noise
 E - a scroll of amnesia
 I - a scroll of immolation
 L - a scroll of enchant armour
Potions
 d - a potion of haste
 i - 3 potions of might {unknown}
 l - 3 potions of curing
 m - 2 potions of brilliance {unknown}
 q - 3 potions of ambrosia {unknown}
 t - 4 potions of degeneration {unknown}
 u - 4 potions of magic
 A - 2 potions of lignification
 D - a potion of mutation


   Skills:
 + Level 5.9(10.9) Fighting
 + Level 1.0(6.0) Short Blades
 + Level 9.7(14.7) Bows
 + Level 5.1(10.1) Dodging
 + Level 5.7(10.7) Stealth
 - Level 3.3 Spellcasting
 + Level 9.2 Ice Magic
 * Level 5.5 Invocations


You had 7 spell levels left.
You knew the following spells:

 Your Spells              Type           Power      Damage    Failure   Level
a - Freeze                Ice            100%       1d11      1%          1
b - Ozocubu's Armour      Ice            36%        N/A       1%          3
c - Frozen Ramparts       Ice            72%        1d9       1%          3
d - Ensorcelled Hibernat  Hex/Ice        38%        N/A       3%          2

Your spell library contained the following spells:

 Spells                   Type           Power      Damage    Failure   Level
 Magic Dart               Conj           8%         1d3       16%         1
 Pain                     Necr           8%         1d4       16%         1
 Passwall                 Tmut/Erth      1%         N/A       24%         2
 Static Discharge         Conj/Air       2%         N/A       24%         2
 Hailstorm                Conj/Ice       19%        3d6       24%         4
 Conjure Flame            Conj/Fire      2%         6-21      43%         3
 Ignite Poison            Fire/Tmut/Pois 2%         N/A       43%         3
 Swiftness                Air            2%         N/A       43%         3
 Airstrike                Air            1%         N/A       85%         4
 Leda's Liquefaction      Hex/Erth       1%         N/A       85%         4
 Sticky Flame             Conj/Fire      2%         2d3       85%         4
 Agony                    Necr           2%         N/A       99%         5
 Excruciating Wounds      Necr           1%         N/A       99%         5
 Lee's Rapid Deconstruct  Erth           1%         3d5*      99%         5
 Lightning Bolt           Conj/Air       1%         1d12      99%         5
 Statue Form              Tmut/Erth      1%         N/A       100%        6
 Maxwell's Capacitive Co  Air            1%         ∞         100%        8
 Summon Lightning Spire   Summ/Air       Unusable   N/A       N/A         4

Dungeon Overview and Level Annotations

Branches:
Dungeon (11/15)            Temple (1/1) D:7            Lair (0/6) D:8
  IceCv (1/1)
    Orc: D:9-12

Altars:
Ashenzari
Cheibriados
Dithmenos
Elyvilon
Fedhas
Gozag
Hepliaklqana
Kikubaaqudgha
Makhleb
Nemelex Xobeh
Okawaru
Qazlal
Ru
Sif Muna
Trog
Uskayaw
Vehumet
Wu Jian
Xom
Yredelemnul
Zin
The Shining One
Jiyva

Shops:
D:3 :   D:5 ?(!

Annotations:
D:9 2 transporters, NinjaNoafa's ghost, novice DjIE


Innate Abilities, Weirdness & Mutations

You are mostly covered in molten scales. (AC +3)
You sometimes emit foul miasma when damaged in melee.
Spells you cast may paralyse adjacent enemies.


Message History

Your weapon exudes an aura of protection.
The harpy simulacrum vaporises!
Okawaru accepts your kill.
The death yak simulacrum gores you but does no damage.
The polar bear simulacrum closely misses you.
The polar bear simulacrum misses you. x2
You hit the polar bear simulacrum.
The polar bear simulacrum vaporises!
Okawaru accepts your kill.
The white ugly thing closely misses you.
Unknown command.
You puncture the white ugly thing!
The white ugly thing is moderately wounded.
The death yak simulacrum barely misses you.
The white ugly thing closely misses you.
The elephant simulacrum tramples you but does no damage.
The elephant simulacrum completely misses you.
Unknown command.
You hit the white ugly thing.
The white ugly thing is moderately wounded.
Unknown command.
You hit the white ugly thing.
The white ugly thing is moderately wounded.
The white ugly thing gores you! The white ugly thing freezes you!!
The elephant simulacrum misses you.
The elephant simulacrum trunk-slaps you but does no damage.
The death yak simulacrum gores you! The death yak simulacrum freezes you!!
* * * LOW HITPOINT WARNING * * *
You are too injured to fight recklessly!
Unknown command.
Unknown command.
You feel better.
The white ugly thing gores you but does no damage.
The elephant simulacrum tramples you but does no damage.
The elephant simulacrum closely misses you.
The death yak simulacrum gores you but does no damage.
You feel better. The white ugly thing gores you.
* * * LOW HITPOINT WARNING * * *
The white ugly thing freezes you!!
You die...

####
##...####
........##
.........##
.....(....##
$..8.......#
.!....u°...#
©[!....@.∩.#
.$....ZZ...#
?..8.......#
..........##
.........##
........##
##...####
####


You could see a white ugly thing, a death yak simulacrum and an elephant
simulacrum.

Vanquished Creatures
  Harold (D:7)
  A two-headed ogre (D:10)
  The ghost of mitchisshort the Chopper, a novice FoFi of Elyvilon (D:7)
  Pikel (D:7)
  A deep elf pyromancer (D:7)
  An elephant (D:8)
  Joseph (D:8)
  Psyche (D:8)
  Prince Ribbit (D:7)
  Sigmund (D:4)
  A basilisk (D:8)
  A shadow (D:10)
  11 yaks
  A steam dragon (D:6)
  2 vampire mosquitoes (D:10)
  Menkaure (D:7)
  A harpy simulacrum (IceCv)
  An acid dragon (D:9)
  Duvessa (D:4)
  2 water moccasins
  An ice beast (D:7)
  An orc warrior (D:9)
  2 black bears
  A sky beast (D:6)
  A necrophage (D:6)
  An ogre (D:6)
  2 centaurs
  A phantom (D:5)
  2 lemures
  A kobold brigand (D:9)
  3 bullfrogs
  2 water moccasin zombies
  A scorpion (D:7)
  A wyvern zombie (D:6)
  Dowan (D:4)
  4 killer bees (D:9)
  10 wights (D:8)
  7 howler monkeys
  2 centaur skeletons
  2 centaur zombies
  5 hounds
  An iron imp (D:5)
  2 orc priests
  A gnoll shaman (D:8)
  Natasha (thrice) (D:4)
  12 orc wizards
  Ijyb (D:4)
  2 killer bee zombies (D:8)
  A polar bear simulacrum (IceCv)
  Robin (D:4)
  2 howler monkey zombies (D:9)
  A howler monkey skeleton (D:6)
  8 gnolls (D:8)
  6 adders
  3 howler monkey simulacra (D:7)
  2 worms (D:3)
  3 dart slugs
  29 orcs
  5 ball pythons
  9 endoplasms
  2 giant cockroaches
  19 goblins
  12 hobgoblins
  6 jackals (D:1)
  3 quokkas
  5 bats
  4 frilled lizards
  7 kobolds
  8 rats
241 creatures vanquished.

Notes
Turn   | Place    | Note
-------+----------+-------------------------------------------
     0 | D:1      | Icepheonix32 the Demonspawn Ice Elementalist began the
                  | quest for the Orb.
     0 | D:1      | Reached XP level 1. HP: 13/13 MP: 3/3
   378 | D:1      | Gained mutation: You are partially covered in molten
                  | scales. (AC +2) [demonic ancestry]
   378 | D:1      | Reached XP level 2. HP: 19/19 MP: 0/5
  1541 | D:2      | Gained mutation: You are mostly covered in molten scales.
                  | (AC +3) [demonic ancestry]
  1541 | D:2      | Reached XP level 3. HP: 24/24 MP: 4/6
  1545 | D:2      | Learned a level 3 spell: Ozocubu's Armour
  1942 | D:2      | Found a faded altar of an unknown god.
  2260 | D:2      | Reached skill level 5 in Ice Magic
  2260 | D:2      | Reached XP level 4. HP: 21/30 MP: 5/8
  2498 | D:3      | Found Axelithro's Book Boutique.
  2624 | D:3      | Gained mutation: You may rarely emit foul miasma when
                  | damaged in melee. [demonic ancestry]
  2624 | D:3      | Reached XP level 5. HP: 35/35 MP: 6/9
  2645 | D:3      | Learned a level 3 spell: Frozen Ramparts
  2662 | D:3      | Learned a level 2 spell: Ensorcelled Hibernation
  3560 | D:3      | Found a shimmering altar of Xom.
  3563 | D:3      | Found a basalt altar of Yredelemnul.
  3568 | D:3      | Found a broken altar of Ashenzari.
  3821 | D:3      | Identified the +7 shortbow "Killer Bee's Bane" {vorpal,
                  | rElec rC+ Will+ Int-4}
  3934 | D:4      | Noticed Dowan
  3935 | D:4      | Noticed Duvessa
  3943 | D:4      | Noticed a black bear
  4071 | D:4      | Noticed Natasha
  4075 | D:4      | Killed Natasha
  4179 | D:4      | Noticed Natasha
  4181 | D:4      | Killed Natasha
  4182 | D:4      | Reached XP level 6. HP: 41/41 MP: 10/10
  4194 | D:4      | Noticed Natasha
  4198 | D:4      | Killed Natasha
  4345 | D:4      | Noticed Ijyb
  4347 | D:4      | Paralysed by Ijyb for 5 turns
  4354 | D:4      | Killed Ijyb
  4437 | D:4      | Killed Duvessa
  4438 | D:4      | Reached skill level 1 in Bows
  4438 | D:4      | Killed Dowan
  4439 | D:4      | Reached skill level 1 in Fighting
  4519 | D:4      | Noticed Robin
  4533 | D:4      | Killed Robin
  4603 | D:4      | Reached XP level 7. HP: 48/48 MP: 11/11
  4642 | D:4      | Noticed Sigmund
  4651 | D:4      | Killed Sigmund
  4966 | D:5      | Entered Level 5 of the Dungeon
  4966 | D:5      | Found Fiyx's Distillery.
  5004 | D:5      | Bought a potion of heal wounds for 55 gold pieces
  5004 | D:5      | Bought a potion of lignification for 33 gold pieces
  5004 | D:5      | Bought a potion of curing for 33 gold pieces
  5111 | D:5      | Found Feoder's Weapon Shoppe.
  5163 | D:5      | Found an ancient bone altar of Kikubaaqudgha.
  5445 | D:5      | Gained mutation: Spells you cast may paralyse adjacent
                  | enemies. [demonic ancestry]
  5445 | D:5      | Reached XP level 8. HP: 56/56 MP: 12/12
  5532 | D:5      | Found a radiant altar of Vehumet.
  5563 | D:5      | Got Vehumet's Papyrus of Damage Dealing
  5596 | D:5      | Found a shimmering blue altar of Sif Muna.
  5666 | D:5      | Found a snail-covered altar of Cheibriados.
  6067 | D:5      | Found a burning altar of Makhleb.
  6067 | D:5      | Found an ornate altar of the Wu Jian Council.
  6068 | D:5      | Found a shadowy altar of Dithmenos.
  6166 | D:5      | Found Areqar's Magic Scroll Boutique.
  6172 | D:5      | Bought a scroll of identify for 28 gold pieces
  6373 | D:6      | Found a blossoming altar of Fedhas.
  6392 | D:6      | Reached skill level 5 in Bows
  7159 | D:6      | Reached XP level 9. HP: 63/65 MP: 13/13
  7273 | D:7      | Found a runed translucent gate.
  7274 | D:7      | Found a runed translucent gate.
  7275 | D:7      | Found a runed translucent gate.
  7288 | D:7      | Identified a scroll of acquirement
  7288 | D:7      | Acquired the ring of Contentment {rF- Will+++ rCorr SInv}
  7316 | D:7      | Noticed Prince Ribbit
  7324 | D:7      | Killed Prince Ribbit
  7618 | D:7      | Noticed mitchisshort's ghost (novice FoFi)
  7701 | D:7      | Noticed a deep elf pyromancer
  7710 | D:7      | Killed a deep elf pyromancer
  7747 | D:7      | Noticed Harold
  7756 | D:7      | Killed Harold
  7808 | D:7      | Noticed Menkaure
  7815 | D:7      | Killed Menkaure
  8124 | D:7      | Found a staircase to the Ecumenical Temple.
  8140 | Temple   | Entered the Ecumenical Temple
  8262 | Temple   | Became a worshipper of Warmaster Okawaru
  8518 | D:8      | Noticed Pikel
  8573 | D:7      | Killed mitchisshort's ghost
  8574 | D:7      | Reached skill level 1 in Invocations
  8574 | D:7      | Gained mutation: You sometimes emit foul miasma when
                  | damaged in melee. [demonic ancestry]
  8574 | D:7      | Reached XP level 10. HP: 46/73 MP: 11/14
  8796 | D:7      | Killed Pikel
  8796 | D:7      | Reached * piety under Okawaru
  8915 | D:8      | Noticed Joseph
  8941 | D:8      | Reached skill level 5 in Stealth
  8952 | D:7      | Reached skill level 5 in Fighting
  9146 | D:8      | Identified the +6 dagger of Buciteu {protect, rElec Stlth+}
  9338 | D:8      | Reached ** piety under Okawaru
  9349 | D:8      | Killed Joseph
  9468 | D:8      | Found a staircase to the Lair.
  9468 | D:8      | Noticed an elephant
  9490 | D:8      | Killed an elephant
  9490 | D:8      | Reached *** piety under Okawaru
  9605 | D:8      | Reached XP level 11. HP: 80/80 MP: 15/15
  9762 | D:8      | Noticed Psyche
  9768 | D:8      | Killed Psyche
  9769 | D:8      | Reached skill level 5 in Dodging
  9828 | D:8      | Reached skill level 5 in Invocations
  9829 | D:8      | Reached skill level 1 in Short Blades
  9931 | D:8      | Found an opulent altar of Gozag.
 10496 | D:9      | Noticed a tengu warrior
 10496 | D:9      | Noticed a two-headed ogre
 10502 | D:9      | Found a bloodstained altar of Trog.
 10502 | D:9      | Noticed NinjaNoafa's ghost (novice DjIE)
 10503 | D:9      | Noticed a two-headed ogre
 10509 | D:9      | Found a transporter.
 10517 | D:9      | Noticed a two-headed ogre
 10544 | D:9      | Found a transporter.
 11175 | D:10     | Entered Level 10 of the Dungeon
 11178 | D:10     | Noticed a two-headed ogre
 11185 | D:10     | Killed a two-headed ogre
 11185 | D:10     | Reached **** piety under Okawaru
 12263 | D:11     | Found a frozen archway.
 12282 | IceCv    | Entered an ice cave
 12282 | IceCv    | Noticed a white ugly thing
 12295 | IceCv    | HP: 2/81 [death yak simulacrum (30)]
 12297 | IceCv    | Slain by a white ugly thing

Illustrated notes

Levels and vault maps discovered:
D:1:      minmay_arrival_nine_rooms, layout_loops_corners
D:2:      layout_loops_cross, ebering_ecumenical_altar_petrified
D:3:      layout_basic, grunt_temple_overflow_diamond, serial_shops, shop
D:4:      cheibrodos_greedy_goblins, layout_cave_pools,
          hangedman_abyss_or_decor_passed, bh_walls_and_bars, uniq_ijyb,
          uniq_sigmund, uniq_duvessa, uniq_robin, uniq_natasha
D:5:      layout_basic, palyth_temple_overflow_mages, chei_slow_surprise,
          chequers_temple_overflow_statue_of_worship, serial_shops,
          nicolae_shop_waterfront, nicolae_stop_n_shop_1, nicolae_shop_crystal
D:6:      layout_basic, fedhas_altar_2
D:7:      layout_basic, lemuel_temple_firewalk_b, gammafunk_ghost_necromancy,
          enter_bailey_4, grunt_decor_resistance, uniq_prince_ribbit1,
          uniq_menkaure, uniq_harold
D:8:      layout_cave_pods, mainiacjoe_overflow_alcove_2, david_lair_generic,
          hangedman_decor_push, uniq_joseph, uniq_pikel, uniq_psyche
D:9:      layout_basic, gammafunk_ghost_wrathful_warriors
D:10:     layout_loops_corners, elyvilon_altar_1
D:11:     layout_basic, portal_ice_cave_entry_pillars_2, nicolae_shop_self_help
Temple:   pf_slimified_temple
IceCv:    ice_cave_statue_garden_transporter

Skill      XL: |  1  2  3  4  5  6  7  8  9 10 11 |
---------------+----------------------------------+-----
Ice Magic      | 4 5 6 7 8 9 |  9.2
Spellcasting   | 3 |  3.3
Bows           | 2 4 5 7 9 |  9.7
Fighting       | 1 2 3 4 5 |  5.9
Dodging        | 2 3 4 5 |  5.1
Stealth        | 2 3 4 5 |  5.7
Invocations    | 1 4 5 |  5.5
Short Blades   | 1 |  1.0

Action                   |  1- 3 |  4- 6 |  7- 9 | 10-12 || total
-------------------------+-------+-------+-------+-------++-------
Melee: Dagger            |    88 |       |       |    50 ||   138
       Punch             |     1 |     3 |     3 |     3 ||    10
       Short sword       |    15 |   118 |   171 |       ||   304
 Fire: Shortbow          |       |    53 |   137 |   187 ||   377
 Cast: Freeze            |    39 |    14 |     1 |       ||    54
       Ozocubu's Armour  |       |     6 |    10 |     6 ||    22
       Frozen Ramparts   |       |     3 |     7 |     6 ||    16
Invok: Heroism           |       |       |       |     1 ||     1
Evoke: Wand              |       |     1 |       |       ||     1
  Use: Potion            |     1 |       |     3 |     2 ||     6
       Scroll            |       |     4 |     9 |     2 ||    15
 Stab: Sleeping          |     5 |     4 |     1 |     1 ||    11
       Paralysed         |       |    10 |     6 |     9 ||    25
Armor: Robe              |    50 |    25 |    97 |    44 ||   216
       Skin              |    12 |       |    14 |     1 ||    27
Dodge: Dodged            |    79 |    72 |   124 |    62 ||   337
